 Dungeon Crawl Stone Soup version 0.30.1-11-g7821555f0a (webtiles) character file.

Game seed: 16269092624584665083

51 Okkudo the Chopper (level 3, -1/33 (34) HPs)
             Began as a Hill Orc Monk on Dec 7, 2023.
             Slain by Crazy Yiuf
             ... wielding a +3 quarterstaff of chaos
              (2 damage)
             ... on level 2 of the Dungeon.
             The game lasted 00:04:11 (1450 turns).

Okkudo the Chopper (Hill Orc Monk)                  Turns: 1450, Time: 00:04:12

HP:   -1/33 (34)    AC: 11    Str: 15    XL:     3   Next: 83%
MP:   1/3           EV: 10    Int: 10    God:
Gold: 88            SH:  5    Dex: 13    Spells: 2/2 levels left

rFire   . . .        n - +0 war axe
rCold   . . .        d - orb {light}
rNeg    . . .        h - +0 scale mail
rPois   .            (no helmet)
rElec   .            (no cloak)
rCorr   .            l - +0 pair of gloves
SInv    .            (no boots)
Will    .....        g - amulet of reflection Stlth
                     i - +4 ring of protection
HPRegen 0.25/turn    (no ring)
MPRegen 0.08/turn

%: reflection
@: glowing, lightly drained
A: no striking features
a: no special abilities


You were on level 2 of the Dungeon.
You visited 1 branch of the dungeon, and saw 2 of its levels.

You collected 88 gold pieces.

Inventory:

Hand Weapons
 n - a +0 war axe (weapon)
Armour
 d - an orb of light (worn)
 h - a +0 scale mail (worn)
 l - a +0 pair of gloves (worn)
Jewellery
 g - an amulet of reflection (around neck)
 i - a +4 ring of protection (left hand)
Scrolls
 b - a scroll of butterflies {unknown}
 e - a scroll of identify {unknown}
 j - a scroll of poison {unknown}
 m - 2 scrolls of vulnerability {unknown}
Potions
 a - a potion of degeneration {unknown}
 c - 5 potions of ambrosia
 f - a potion of curing {unknown}
 k - a potion of brilliance {unknown}


   Skills:
 + Level 4.3 Fighting
 * Level 5.5 Axes
 - Level 2.5 Dodging


You had 2 spell levels left.
You didn't know any spells.
Your spell library contained the following spells:

 Spells                   Type           Power      Damage    Failure   Level
 Freeze                   Ice            0%         1d3       85%         1
 Poisonous Vapours        Pois/Air       0%         N/A       94%         2
 Frozen Ramparts          Ice            0%         1d1       99%         3
 Hailstorm                Conj/Ice       0%         3d3       99%         3
 Ignite Poison            Fire/Tmut/Pois 0%         N/A       99%         3
 Mephitic Cloud           Conj/Pois/Air  0%         N/A       99%         3
 Sticky Flame             Conj/Fire      0%         2d3       100%        4
 Freezing Cloud           Conj/Ice/Air   0%         6-21      100%        5
 Ignition                 Fire           0%         3d3       100%        8


Dungeon Overview and Level Annotations

Branches:
Dungeon (2/15)

Altars:

Annotations:
D:2 Crazy Yiuf


Message History

Found a potion of ambrosia.
c - 4 potions of ambrosia (gained 1)
You now have 83 gold pieces (gained 9).
c - 5 potions of ambrosia (gained 1)
A bat comes into view.
Found a sedimented silvery potion.
You slash the bat!
You kill the bat!
m - 2 scrolls labelled SUIC ZOATIKA (gained 1)
a - a sedimented silvery potion You now have 88 gold pieces (gained 5).
A frilled lizard comes into view.
The frilled lizard hisses angrily.
The frilled lizard closely misses you.
You hit the frilled lizard.
You kill the frilled lizard!
Found a hammer.
Found a runed translucent door.
Crazy Yiuf shouts!
Okay, then.
You open the door. You barely miss Crazy Yiuf.
Crazy Yiuf drinks a potion.
Crazy Yiuf seems to speed up.
You slash Crazy Yiuf!
Crazy Yiuf is heavily wounded.
Crazy Yiuf hits you with a +3 quarterstaff of chaos!
Crazy Yiuf draws strength from your wounds!
Crazy Yiuf closely misses you.
You hit Crazy Yiuf.
Crazy Yiuf is heavily wounded.
Crazy Yiuf hits you with a +3 quarterstaff of chaos.
You feel your power leaking away.
Crazy Yiuf hits you with a +3 quarterstaff of chaos.
Crazy Yiuf freezes you.
You hit Crazy Yiuf but do no damage.
Crazy Yiuf is heavily wounded.
Crazy Yiuf laughs, "You hand tea!"
Crazy Yiuf hits you with a +3 quarterstaff of chaos!
* * * LOW HITPOINT WARNING * * *
You feel drained.
You die...

####..................#..........
..##................###.####.#...
~~##.....................#.....##
#~.#.....#################.#.....
#~~......# #.....>.# .#~......#
##.#.#... ~#~~.....# ###
#####.#.#... .#~#~##### #)..###
#.#...#.#... ~.~#...###
#...g@#####.....#.#... ~~8#.....#
#...##..#.......#.#... ####.....#
### ###.#..#.#.#.#.## ~~.~~.#..#
########.#.#... .........#
#.#.#.##
.........#################.#.....
.........................#.###.##
................#........#.###.##
.........########........#.......


You could see Crazy Yiuf (fast).

Vanquished Creatures
  An adder (D:2)
  4 bats
  6 endoplasms
  3 giant cockroaches (D:1)
  2 goblins (D:1)
  3 hobgoblins (D:1)
  A quokka (D:1)
  4 ball pythons (D:1)
  5 frilled lizards
  3 kobolds
  6 rats
  A spectral hobgoblin (D:2)
39 creatures vanquished.

Notes
Turn   | Place    | Note
-------+----------+-------------------------------------------
     0 | D:1      | Okkudo the Hill Orc Monk began the quest for the Orb.
     0 | D:1      | Reached XP level 1. HP: 19/19 MP: 1/1
   134 | D:1      | Reached XP level 2. HP: 19/27 MP: 2/2
   393 | D:1      | Reached XP level 3. HP: 31/33 MP: 3/3
   439 | D:1      | Reached skill level 5 in Axes
  1018 | D:2      | Found a faded altar of an unknown god.
  1442 | D:2      | Found a runed translucent door.
  1443 | D:2      | Noticed Crazy Yiuf
  1450 | D:2      | HP: 1/34 [Crazy Yiuf/+3 quarterstaff of chaos (11)]
  1450 | D:2      | Slain by Crazy Yiuf

Illustrated notes

Levels and vault maps discovered:
D:1:      shiori_arrival_maze, layout_basic, minmay_distorted
D:2:      layout_basic, basic_altar, dreamdust_ecumenical_altar_drowned_temple,
          uniq_crazy_yiuf_cottage, uniq_jessica

Skill      XL: |  1  2  3 |
---------------+----------+-----
Fighting       | 4 |  4.3
Axes           | 5 |  5.5
Dodging        | |  2.5

Action                     || total
---------------------------++-------
  Melee: Hand axe          ||   106
         War axe           ||     6
 Armour: Robe              ||    11
         Ring mail         ||     2
         Scale mail        ||    14
  Dodge: Dodged            ||    63
  Block: Orb               ||     5
